 Dungeon Crawl Stone Soup version 0.29-a0-841-g116ddc6ace (webtiles) character file.

Game seed: 3245856198931113371

1 Hasart the Shooter (level 1, -1/17 HPs)
             Began as a Demigod Hunter on July 15, 2022.
             Slain by a gnoll
             ... wielding a +0 spear
              (4 damage)
             ... on level 1 of the Dungeon.
             The game lasted 00:00:11 (50 turns).

Hasart the Shooter (Demigod Hunter)                   Turns: 50, Time: 00:00:11

Health: -1/17      AC:  3    Str: 12    XL:     1   Next: 13%
Magic:  3/3        EV: 12    Int: 11    God:
Gold:   14         SH:  0    Dex: 17    Spells: 0/0 levels left

rFire   . . .      SeeInvis .   a - +0 shortbow
rCold   . . .      Faith    .   (shield currently unavailable)
rNeg    . . .      Spirit   .   c - +0 leather armour
rPois   .          Reflect  .   (no helmet)
rElec   .          Harm     .   (no cloak)
rCorr   .          Rampage  .   (no gloves)
Will    .....                   (no boots)
Stlth   ++........              (no amulet)
HPRegen 0.05/turn               (no ring)
MPRegen 0.08/turn               (no ring)

@: no status effects
A: high MP 1, forlorn, divine attributes
a: no special abilities


You were on level 1 of the Dungeon.
You visited 1 branch of the dungeon, and saw 1 of its levels.

You collected 14 gold pieces.

Inventory:

Hand Weapons
 a - a +0 shortbow (weapon)
Armour
 c - a +0 leather armour (worn)
Scrolls
 b - a scroll of immolation


   Skills:
 + Level 1.8 Fighting
 * Level 3.6 Ranged Weapons
 + Level 1.8 Dodging
 + Level 0.9 Stealth


You couldn't memorise any spells.
You didn't know any spells.
Your spell library was empty.

Dungeon Overview and Level Annotations

Branches:
Dungeon (1/15)


Innate Abilities, Weirdness & Mutations

You have an increased reservoir of magic. (+10% MP)
You shall have no god before yourself.
Your divine heritage dramatically boosts your attributes as you level up.


Message History

Aim: a toadstool (98% to hit)
You shoot an arrow. The arrow hits the toadstool.
You destroy the toadstool!
You now have 14 gold pieces.
A ball python comes into view.
The ball python hisses angrily.
A ball python is nearby!
A ball python is nearby!
You shoot an arrow. The arrow hits the ball python.
The ball python is moderately wounded.
You shoot an arrow.
The arrow completely misses the ball python.
You shoot an arrow.
The arrow closely misses the ball python.
You shoot an arrow.
The arrow barely misses the ball python.
You hear a shout!
The ball python closely misses you. x2
The ball python bites you but does no damage.
The ball python barely misses you.
You shoot an arrow. The arrow hits the ball python.
You kill the ball python!
No target in view!
No target in view!
No target in view!
A gnoll comes into view. It is wielding a +0 spear.
You see here a ball python corpse.
A gnoll is nearby!
A gnoll is nearby!
A gnoll is nearby!
You shoot an arrow. The arrow hits the gnoll.
The gnoll is moderately wounded.
The gnoll hits you from afar with a +0 spear.
You shoot an arrow. The arrow closely misses the gnoll.
The gnoll hits you from afar with a +0 spear.
You shoot an arrow. The arrow barely misses the gnoll.
The gnoll hits you from afar with a +0 spear!
* * * LOW HITPOINT WARNING * * *
The gnoll hits you from afar with a +0 spear.
You die...

#? .. #. .# # ##.. .
.## #... ####. ..##..#
......###g...##
....#.........#
#).....@......#
##..#.........#
#.#.###..##### ..
##...###......# ...
##≈.#.....≈###.###
...###≈♣≈#....≈P≈.....#
....#≈♣⌠♣≈≈≈≈≈.⌠P≈#....
.....?≈♣.......P≈......
###....≈...<...≈.......


You could see a gnoll.

Vanquished Creatures
  A ball python (D:1)
  A toadstool (D:1)
2 creatures vanquished.

Notes
Turn   | Place    | Note
-------+----------+-------------------------------------------
     0 | D:1      | Hasart the Demigod Hunter began the quest for the Orb.
     0 | D:1      | Reached XP level 1. HP: 17/17 MP: 3/3
    50 | D:1      | Slain by a gnoll

Illustrated notes

Levels and vault maps discovered:
D:1:      ldierk_water_garden, layout_rooms, minmay_3d_cube

Action                   || total
-------------------------++-------
 Fire: Shortbow          ||     9
Armor: Leather armour    ||     1
Dodge: Dodged            ||     3

Table legend: (Time is in decaauts)
 A = Elapsed time spent in this place.
 B = Non-inter-level travel time spent in this place.
 C = Inter-level travel time spent in this place.
 D = Time resting spent in this place.
 E = Time spent auto-exploring this place.
 F = Levels seen in this place.
 G = Mean time per level.
                   A        B        C        D        E       F      G
               +--------+--------+--------+--------+--------+-----+--------+
         Total |     52 |     52 |      0 |      0 |     39 |   1 |   52.0 |
       Dungeon |     52 |     52 |      0 |      0 |     39 |   1 |   52.0 |
               +--------+--------+--------+--------+--------+-----+--------+

Top non-repeatable levels by time:
     D:1: 52 daAuts
